 Dungeon Crawl Stone Soup version 0.24-a0-170-gd8427f5 (webtiles) character file.

Game seed: 11594206592386545299

57 pmoppi the Slasher (level 3, 0/28 HPs)
             Began as a Demonspawn Gladiator on Mar 8, 2019.
             Slain by a gnoll
             ... wielding a +0 flail
              (4 damage)
             ... on level 2 of the Dungeon.
             The game lasted 00:02:09 (1204 turns).

pmoppi the Slasher (Demonspawn Gladiator)           Turns: 1204, Time: 00:02:10

Health: 0/28       AC:  4    Str: 15    XL:     3   Next: 73%
Magic:  3/3        EV: 12    Int:  9    God:
Gold:   33         SH:  0    Dex: 14    Spells: 2/2 levels left

rFire    . . .     SeeInvis .   a - +0 long sword
rCold    . . .     Gourm    .   (no shield)
rNeg     . . .     Faith    .   b - +0 leather armour
rPois    .         Spirit   .   c - +0 helmet
rElec    .         Reflect  .   l - scarf {cloud immunity}
rCorr    .         Harm     .   (no gloves)
MR       .....                  (no boots)
Stlth    +.........             (no amulet)
HPRegen  0.09/turn              (no ring)
MPRegen  0.08/turn              (no ring)

@: no status effects
A: claws 1
a: no special abilities


You were on level 2 of the Dungeon.
You were not hungry.

You visited 1 branch of the dungeon, and saw 2 of its levels.

You collected 33 gold pieces.

Inventory:

Hand Weapons
 a - a +0 long sword (weapon)
Missiles
 d - 3 throwing nets (quivered)
Armour
 b - a +0 leather armour (worn)
 c - a +0 helmet (worn)
 l - a scarf of cloud immunity (worn)
Scrolls
 e - a scroll of teleportation {unknown}
 h - a scroll of amnesia {unknown}
 k - 2 scrolls of identify {unknown}
Potions
 i - a potion of cancellation {unknown}
 j - a potion of curing {unknown}
Comestibles
 f - 2 rations
 g - 4 chunks of flesh


   Skills:
 + Level 2.8 Fighting
 - Level 3.1 Long Blades
 - Level 1.7 Throwing
 - Level 2.6 Dodging
 * Level 2.0 Unarmed Combat


You had 2 spell levels left.
You didn't know any spells.
Your spell library was empty.

Dungeon Overview and Level Annotations

Branches:
Dungeon (2/15)

Altars:


Innate Abilities, Weirdness & Mutations

You have sharp fingernails.


Message History

The gnoll hits you with a cursed +0 flail!
Ouch! That really hurt!
* * * LOW HITPOINT WARNING * * *
You are too injured to fight recklessly!
You slash the gnoll!
You kill the gnoll!
Your Unarmed Combat skill increases to level 2!
You barely miss the gnoll. The gnoll barely misses you.
You barely miss the gnoll. The gnoll barely misses you.
You hit the gnoll.
The gnoll is lightly wounded.
The gnoll closely misses you.
You closely miss the gnoll.
The gnoll is lightly wounded.
The gnoll barely misses you.
You riposte.
You closely miss the gnoll.
The gnoll is lightly wounded.
You slash the gnoll!
The gnoll is severely wounded.
The gnoll hits you with a +0 flail.
You die...

#..............##....
#.....########.#..###
##...## #....###
#...# #....... #...#
##...### #...# ##..#
###.# #..### #.#
#..... #@# #+#### #g#
# #.# #)# #.. # ....
# #.... # #.#...
#.#.### #


You could see a gnoll.

Vanquished Creatures
  A gnoll (D:2)
  An ooze (D:1)
  6 dart slugs
  A ball python (D:1)
  3 giant cockroaches (D:1)
  3 goblins (D:1)
  2 hobgoblins
  A quokka (D:2)
  5 bats (D:1)
  A frilled lizard (D:1)
  3 kobolds (D:1)
  6 rats
33 creatures vanquished.

Notes
Turn   | Place    | Note
-------+----------+-------------------------------------------
     0 | D:1      | pmoppi the Demonspawn Gladiator began the quest for the
                  | Orb.
     0 | D:1      | Reached XP level 1. HP: 16/16 MP: 1/1
    61 | D:1      | Reached skill level 3 in Long Blades
   347 | D:1      | Gained mutation: You have sharp fingernails. [demonic
                  | ancestry]
   347 | D:1      | Reached XP level 2. HP: 22/22 MP: 2/2
   474 | D:1      | Reached skill level 1 in Unarmed Combat
   545 | D:1      | Reached XP level 3. HP: 23/28 MP: 3/3
  1132 | D:2      | Found a faded altar of an unknown god.
  1204 | D:2      | Slain by a gnoll

Levels and vault maps discovered:
D:1:      minmay_arrival_four_houses, layout_loops_ring, minmay_pentomino_q2
D:2:      layout_loops_corners, chequers_ecumenical_altar_twisty, uniq_jessica,
          uniq_sigmund

Skill      XL: |  1  2  3 |
---------------+----------+-----
Long Blades    | 3 |  3.1
Unarmed Combat | 1 2 |  2.0
Fighting       | |  2.8
Throwing       | |  1.7
Dodging        | |  2.6

Action                   || total
-------------------------++-------
Melee: Long sword        ||    99
  Eat: Chunk             ||     1
Armor: Leather armour    ||    30
Dodge: Dodged            ||    55
       Rpst.: Long sword ||    18

Table legend:
 A = Non-vault XP
 B = Vault XP
 C = Vault XP percentage of total XP
 D = Non-vault monster count
 E = Vault monster count
 F = Vault count percentage of total count
                 A         B        C        D         E       F
            +---------+---------+-------+---------+---------+-------
      Total |      79 |       3 |   3.7 |      31 |       2 |   6.1
            +---------+---------+-------+---------+---------+-------
        D:1 |      54 |       3 |   5.3 |      25 |       2 |   7.4
        D:2 |      25 |       0 |   0.0 |       6 |       0 |   0.0
            +---------+---------+-------+---------+---------+-------
